 Dungeon Crawl Stone Soup version 0.26-a0-1222-g14533b3512 (webtiles) character file.

Game seed: 8860941868788465829

1675 Mesmaeker13 the Thaumaturge (level 8, -2/52 HPs)
             Began as a Mummy Necromancer on Dec 31, 2020.
             Slain by a mummy (19 damage)
             ... in an ossuary.
             The game lasted 00:19:26 (10614 turns).

Mesmaeker13 the Thaumaturge (Mummy Necromancer)    Turns: 10614, Time: 00:19:26

Health: -2/52      AC:  7    Str: 11    XL:     8   Next: 70%
Magic:  20/20      EV: 15    Int: 16    God:
Gold:   320        SH:  0    Dex: 13    Spells: 15/23 levels left

rFire    . . .     SeeInvis .   o - +2 scythe (venom)
rCold    + . .     Faith    .   (shield currently unavailable)
rNeg     + + +     Spirit   .   a - +0 robe
rPois    ∞         Reflect  .   n - +0 helmet
rElec    .         Harm     .   s - scarf {+Inv}
rCorr    .         Rampage  .   m - +2 pair of gloves
Will     ++...                  r - +0 pair of boots
Stlth    ++........             (no amulet)
HPRegen  0.17/turn              g - ring of protection from fire
MPRegen  0.17/turn              i - ring of willpower

@: no status effects
A: no potions, fire vulnerability, cold resistance 1, negative energy resistance
3, torment resistance, unbreathing
a: Evoke Invisibility


You were in an ossuary.
You visited 2 branches of the dungeon, and saw 8 of its levels.
You also visited: Ossuary.

You collected 320 gold pieces.

Inventory:

Hand Weapons
 e - a +0 dagger
 k - a +0 trident
 o - a +2 scythe of venom (weapon)
Missiles
 j - 2 javelins
 p - 30 poisoned darts (quivered)
Armour
 a - a +0 robe (worn)
 m - a +2 pair of gloves (worn)
 n - a +0 helmet (worn)
 r - a +0 pair of boots (worn)
 s - a scarf of invisibility (worn)
Magical Staves
 q - an uncursed staff of fire
Jewellery
 g - a ring of protection from fire (left hand)
 i - a ring of willpower (right hand)
Wands
 b - a wand of random effects (10)
Scrolls
 c - 3 scrolls of magic mapping
 d - 2 scrolls of enchant armour
 f - 2 scrolls of noise
 h - 5 scrolls of identify
 l - a scroll of blinking
 t - a scroll of amnesia {unknown}
 u - a scroll of immolation {unknown}
 v - 2 scrolls of remove curse
 w - 3 scrolls of fear {unknown}


   Skills:
 + Level 5.5 Dodging
 - Level 1.5 Stealth
 + Level 8.1 Spellcasting
 + Level 7.6 Necromancy


You had 15 spell levels left.
You knew the following spells:

 Your Spells              Type           Power        Failure   Level
a - Pain                  Necr           100%         1%          1
b - Vampiric Draining     Necr           15%          1%          3
c - Animate Dead          Necr           15%          4%          4

Your spell library contained the following spells:

 Spells                   Type           Power        Failure   Level
 Animate Skeleton         Necr           60%          1%          1
 Agony                    Necr           30%          13%         5


Dungeon Overview and Level Annotations

Branches:
Dungeon (7/15)             Temple (1/1) D:5         Ossuary (1/1)

Altars:
Ashenzari
Cheibriados
Dithmenos
Fedhas
Gozag
Kikubaaqudgha
Makhleb
Qazlal
Ru
Sif Muna
Trog
Vehumet
Wu Jian
Xom
Zin
The Shining One

Shops:
D:5 [   D:7 ([


Innate Abilities, Weirdness & Mutations

You do not drink.
Your flesh is vulnerable to fire.
You are immune to poison.
Your flesh is cold resistant. (rC+)
You are immune to negative energy. (rN+++)
You are immune to unholy pain and torment.
You can survive without breathing.


Message History

Press: ? - help, Shift-Dir - straight line, f/p - mummy
Aim: a mummy The puff of frost misses the mummy.
Unknown command.
Evoke which item? (* to show all) (? for menu, Esc to quit)
Aiming: Random Effects
Press: ? - help, Shift-Dir - straight line, f/p - mummy
Aim: a mummy The mummy flickers and vanishes!
Deactivating autopickup; reactivate with Ctrl-A.
Unknown command.
You barely miss the mummy. Something hits you.
You hit the mummy.
The mummy is moderately damaged.
Something hits you! The mummy barely misses you.
The mummy completely misses you.
You slash the mummy!
The mummy is severely damaged.
Something hits you! The mummy hits you!!
You die...

###
#..######
##......#
#...MM∩.+
##...@..#
#..######
###


You could see 2 mummies.

Vanquished Creatures
  Sigmund (D:6)
  An ice beast (D:6)
  An orc warrior (D:6)
  3 ogres
  A centaur (D:6)
  2 bullfrogs (D:7)
  2 scorpions
  2 bullfrog zombies
  A quasit (D:4)
  A centaur skeleton (D:6)
  A jelly (D:6)
  2 orc priests
  A centaur zombie (D:5)
  2 hounds (D:6)
  A bullfrog skeleton (D:5)
  2 orc wizards
  2 iguanas (D:5)
  Ijyb (D:4)
  4 worker ants
  Robin (D:1)
  4 gnolls (D:5)
  4 adders
  A howler monkey skeleton (D:4)
  A shadow imp (D:6)
  2 oozes
  An adder skeleton (D:4)
  2 worms (D:4)
  2 dart slugs (D:1)
  4 leopard geckos
  10 orcs
  5 bats
  4 giant cockroaches
  16 goblins
  9 hobgoblins
  6 jackals
  4 quokkas
  A ball python (D:3)
  4 frilled lizards
  A jackal skeleton (D:4)
  3 kobolds (D:3)
  A leopard gecko skeleton (D:4)
  4 rats
121 creatures vanquished.

Vanquished Creatures (collateral kills)
  A hound skeleton (D:5)
1 creature vanquished.

Grand Total: 122 creatures vanquished

Notes
Turn   | Place    | Note
-------+----------+-------------------------------------------
     0 | D:1      | Mesmaeker13 the Mummy Necromancer began the quest for the
                  | Orb.
     0 | D:1      | Reached XP level 1. HP: 13/13 MP: 4/4
   191 | D:1      | Reached skill level 3 in Spellcasting
   191 | D:1      | Reached XP level 2. HP: 19/19 MP: 0/6
  1039 | D:2      | Reached XP level 3. HP: 24/24 MP: 4/7
  1078 | D:2      | Learned a level 3 spell: Vampiric Draining
  1113 | D:2      | You fall into a shaft and drop 2 floors!
  1486 | D:3      | Noticed an ogre
  1728 | D:2      | Noticed Robin
  2390 | D:2      | Reached XP level 4. HP: 30/30 MP: 3/9
  2460 | D:1      | Killed Robin
  3162 | D:2      | Found a shimmering blue altar of Sif Muna.
  3395 | D:3      | Reached skill level 4 in Spellcasting
  3446 | D:3      | Found a faded altar of an unknown god.
  3719 | D:4      | Found a sacrificial altar of Ru.
  4231 | D:4      | Noticed Ijyb
  4270 | D:4      | Killed Ijyb
  4271 | D:4      | Reached XP level 5. HP: 30/35 MP: 1/11
  4680 | D:4      | Reached skill level 5 in Necromancy
  5335 | D:4      | Found a sacrificial altar of Ru.
  5388 | D:5      | Entered Level 5 of the Dungeon
  5796 | D:5      | Reached XP level 6. HP: 19/41 MP: 13/13
  6175 | D:5      | Reached skill level 5 in Spellcasting
  6322 | D:5      | Found Ulir's Armour Shop.
  6834 | D:6      | Learned a level 4 spell: Animate Dead
  7163 | D:6      | Reached XP level 7. HP: 28/46 MP: 4/15
  7394 | D:6      | Found a radiant altar of Vehumet.
  7406 | D:6      | Noticed Sigmund
  7415 | D:6      | Killed Sigmund
  7416 | D:6      | Reached skill level 6 in Spellcasting
  7933 | D:6      | Reached XP level 8. HP: 52/52 MP: 13/18
  8020 | D:6      | Reached skill level 7 in Spellcasting
  9010 | D:5      | Found a staircase to the Ecumenical Temple.
  9016 | Temple   | Entered the Ecumenical Temple
  9427 | D:5      | Reached skill level 5 in Dodging
 10260 | D:7      | Found Astitz Gaur's Antique Armour Emporium.
 10424 | D:7      | Reached skill level 8 in Spellcasting
 10557 | D:7      | Found Doleddue's Weapon Boutique.
 10597 | D:7      | Found a sand-covered staircase.
 10606 | Ossuary  | Entered an ossuary
 10614 | Ossuary  | Slain by a mummy

Illustrated notes

Levels and vault maps discovered:
D:1:      minmay_arrival_five_plusses, layout_basic
D:2:      layout_basic, led_sif_pool, uniq_terence, uniq_robin
D:3:      layout_basic, chequers_ecumenical_altar_twisty
D:4:      layout_basic, kennysheep_mini_moat,
          nicolae_ru_great_annihilating_truth, uniq_ijyb
D:5:      layout_basic, minmay_temple_entry_ruins, serial_shops, shop,
          minmay_strange_pillars
D:6:      layout_rooms, general_overflow_altar, lightli_corner_chamber,
          uniq_sigmund
D:7:      layout_basic, nicolae_overflow_hidden_temple,
          nicolae_ossuary_entry_ruins, serial_shops, shop, shop, shop_fountains,
          kennysheep_little_box, shop
Temple:   cyrus_circular_temple
Ossuary:  ossuary_minmay_chase

Skill      XL: |  1  2  3  4  5  6  7  8 |
---------------+-------------------------+-----
Spellcasting   | 3 4 5 6 8 |  8.1
Dodging        | 2 3 4 5 |  5.5
Necromancy     | 5 6 7 |  7.6
Stealth        | |  1.5

Action                   |  1- 3 |  4- 6 |  7- 9 || total
-------------------------+-------+-------+-------++-------
Melee: Unarmed           |     4 |       |       ||     4
       Dagger            |     7 |    82 |       ||    89
       Trident           |       |    44 |     4 ||    48
       Scythe            |       |       |    53 ||    53
Throw: Dart              |       |    12 |       ||    12
       Throwing net      |       |     1 |       ||     1
       Javelin           |       |       |     3 ||     3
 Cast: Pain              |   111 |   135 |    85 ||   331
       Vampiric Draining |       |     6 |    18 ||    24
       Animate Dead      |       |       |     1 ||     1
Evoke: Wand              |       |     3 |     6 ||     9
  Use: Scroll            |     4 |     5 |     1 ||    10
 Stab: Sleeping          |       |     1 |       ||     1
Armor: Robe              |     5 |   100 |    23 ||   128
Dodge: Dodged            |    35 |   180 |    87 ||   302

Table legend: (Time is in decaauts)
 A = Elapsed time spent in this place.
 B = Non-inter-level travel time spent in this place.
 C = Inter-level travel time spent in this place.
 D = Time resting spent in this place.
 E = Time spent auto-exploring this place.
 F = Levels seen in this place.
 G = Mean time per level.
                   A        B        C        D        E       F      G
               +--------+--------+--------+--------+--------+-----+--------+
         Total |  10685 |  10338 |    347 |   4422 |   4176 |   9 | 1187.2 |
       Dungeon |  10622 |  10283 |    339 |   4422 |   4133 |   7 | 1517.4 |
        Temple |     52 |     44 |      8 |      0 |     43 |   1 |   52.0 |
       Ossuary |      9 |      9 |      0 |      0 |      0 |   1 |    9.0 |
               +--------+--------+--------+--------+--------+-----+--------+

Top non-repeatable levels by time:
     D:4: 2164 daAuts
     D:6: 2030 daAuts
     D:5: 1898 daAuts
     D:3: 1420 daAuts
     D:1: 1376 daAuts
     D:2: 1321 daAuts
     D:7: 409 daAuts
  Temple: 52 daAuts
 Ossuary: 9 daAuts
